 Dungeon Crawl Stone Soup version 0.22-a0-392-g5dc3fd9 (webtiles) character file.

518 Kairos the Chopper (level 7, -8/63 HPs)
             Began as a Deep Dwarf Fighter on May 2, 2018.
             Mangled by a wyvern skeleton (11 damage)
             ... on level 4 of the Dungeon.
             The game lasted 00:06:46 (2830 turns).

Kairos the Chopper (Deep Dwarf Fighter)             Turns: 2830, Time: 00:06:47

Health: -8/63      AC: 10    Str: 22    XL:     7   Next: 1%
Magic:  7/7        EV:  8    Int:  8    God:
Gold:   160        SH: 10    Dex: 12    Spells: 6/6 levels left

rFire    . . .     SeeInvis .   t - +1 flail (drain)
rCold    . . .     Gourm    .   c - +0 shield
rNeg     . . .     Faith    .   b - +0 scale mail
rPois    .         Spirit   .   l - +2 helmet
rElec    .         Reflect  .   h - scarf {cloud immunity}
rCorr    .         Harm     .   (no gloves)
MR       +....                  (no boots)
Stlth    ..........             (no amulet)
HPRegen  0.00/turn              (no ring)
MPRegen  0.10/turn              (no ring)

@: non-regenerating
A: damage resistance, heal wounds, sense surroundings 1, no regeneration
a: Heal Wounds


You were on level 4 of the Dungeon.
You were not hungry.

You visited 1 branch of the dungeon, and saw 4 of its levels.

You collected 160 gold pieces.

Inventory:

Hand Weapons
 a - a +0 war axe
 n - a +0 mace
 s - a +0 hunting sling
 t - a +1 flail of draining (weapon)
Missiles
 m - 99 stones (quivered)
Armour
 b - a +0 scale mail (worn)
 c - a +0 shield (worn)
 h - a scarf of cloud immunity (worn)
 l - a +2 helmet (worn)
 u - a +0 helmet
Scrolls
 g - 2 scrolls of magic mapping
 i - 3 scrolls of teleportation
 p - 2 scrolls of remove curse
 q - a scroll of fog
 r - 3 scrolls of identify
 x - a scroll of noise {unknown}
Potions
 d - a potion of might
 e - a potion of ambrosia {unknown}
 j - 2 potions of agility
 k - a potion of brilliance {unknown}
 o - a potion of heal wounds {unknown}
 v - a potion of magic {unknown}
 z - a potion of curing {unknown}
Comestibles
 f - 8 rations


   Skills:
 + Level 3.7 Fighting
 + Level 5.3(5.4) Axes
 + Level 1.1(3.2) Maces & Flails
 + Level 4.7 Armour
 + Level 1.6 Dodging
 + Level 0.6 Stealth
 + Level 4.8 Shields


You had 6 spell levels left.
You didn't know any spells.

Dungeon Overview and Level Annotations

Branches:
Dungeon (4/15)
 Temple: D:4-7

Altars:


Innate Abilities, Weirdness & Mutations

You are resistant to damage.
You can heal yourself by infusing magical energy.
You passively map a small area around you.
You do not regenerate.


Message History

A wyvern skeleton comes into view.
The wyvern skeleton bites you!
* * * LOW HITPOINT WARNING * * *
The wyvern skeleton bites you but does no damage.
You sock the wyvern skeleton!
The wyvern skeleton is moderately damaged.
You block the wyvern skeleton's attack. x2
You sock the wyvern skeleton!
The wyvern skeleton is heavily damaged.
The wyvern skeleton bites you but does no damage.
You hit the wyvern skeleton.
The wyvern skeleton is severely damaged.
The wyvern skeleton bites you but does no damage.
The wyvern skeleton bites you.
You completely miss the wyvern skeleton.
The wyvern skeleton is severely damaged.
The wyvern skeleton bites you!
* * * LOW HITPOINT WARNING * * *
The wyvern skeleton bites you!
You die...

* , ... #......# #.... ###.#
#....#......# #....
###...####....#......####....
#..,......., ....................
#.# #.#...# ##....#......###.....
#.###.#...# #.....#.†.....##...##
......#...# #.....#.......##...##
......#...###.....#............##
.>....†........Z@....(...........
......#######...###......##.....#
.....................######.....#
##.##.################ #......
##.##...............# #....##
...........###.####.#######......
...........# #.#..........#.#..##
..........####.##.#.........#..#*
.........(...#.##.#######.#....#


You could see a wyvern skeleton.

Vanquished Creatures
  Sigmund (D:3)
  Eustachio (D:4)
  An orc priest (D:3)
  A worker ant (D:4)
  Robin (D:3)
  3 adders
  2 oozes
  A worm (D:2)
  4 dart slugs
  3 leopard geckos
  8 orcs
  3 giant cockroaches
  16 goblins
  12 hobgoblins
  5 jackals
  A quokka (D:2)
  A ball python (D:1)
  7 bats
  7 frilled lizards
  5 kobolds
  10 rats
93 creatures vanquished.

Notes
Turn   | Place    | Note
-------+----------+-------------------------------------------
     0 | D:1      | Kairos the Deep Dwarf Fighter began the quest for the Orb.
     0 | D:1      | Reached XP level 1. HP: 20/20 MP: 1/1
   267 | D:1      | Reached XP level 2. HP: 24/27 MP: 2/2
   896 | D:2      | Reached XP level 3. HP: 25/34 MP: 3/3
  1184 | D:2      | Reached skill level 3 in Axes
  1407 | D:3      | Reached XP level 4. HP: 23/42 MP: 4/4
  1522 | D:3      | Noticed Sigmund
  1538 | D:3      | Killed Sigmund
  1538 | D:3      | Reached skill level 4 in Axes
  1538 | D:3      | Reached skill level 1 in Dodging
  1538 | D:3      | Reached XP level 5. HP: 12/49 MP: 5/5
  2105 | D:3      | Noticed Robin
  2111 | D:3      | Reached XP level 6. HP: 41/56 MP: 6/6
  2120 | D:3      | Killed Robin
  2579 | D:4      | Reached skill level 5 in Axes
  2671 | D:4      | Noticed Eustachio
  2710 | D:4      | Killed Eustachio
  2710 | D:4      | Reached skill level 1 in Maces & Flails
  2815 | D:4      | Reached XP level 7. HP: 17/63 MP: 7/7
  2830 | D:4      | HP: 3/63 [wyvern skeleton (7)]
  2830 | D:4      | Mangled by a wyvern skeleton

Vault maps used:
D:1:      minmay_arrival_arboretum_small
D:3:      minmay_diamond_boxcup, uniq_sigmund, uniq_robin
D:4:      uniq_eustachio

Skill      XL: |  1  2  3  4  5  6 |
---------------+-------------------+-----
Fighting       | 3 |  3.7
Axes           | 3 4 5 |  5.3
Armour         | 4 |  4.7
Dodging        | 1 |  1.6
Shields        | 4 |  4.8
Maces & Flails | 1 |  1.1
Stealth        | |  0.6

Action                   |  1- 3 |  4- 6 |  7- 9 || total
-------------------------+-------+-------+-------++-------
Melee: War axe           |   117 |   143 |       ||   260
       Flail             |       |    61 |     4 ||    65
Throw: Stone             |     2 |       |       ||     2
 Abil: Heal Wounds       |       |     2 |       ||     2
  Use: Scroll            |       |     5 |       ||     5
  Eat: Chunk             |     1 |     6 |       ||     7
Armor: Scale mail        |    45 |    83 |     3 ||   131
Dodge: Dodged            |    37 |    79 |       ||   116
Block: Shield            |    58 |   133 |     2 ||   193

Table legend:
 A = Spawn XP
 B = Non-spawn XP
 C = Spawn XP percentage of total XP
 D = Spawn monster count
 E = Non-spawn monster count
 F = Spawn count percentage of total count
 G = Total turns spent on level
                    A         B        C        D         E        F      G
               +---------+---------+-------+---------+---------+-------+---------
         Total |       0 |     740 |   0.0 |       0 |      93 |   0.0 |  2830
               +---------+---------+-------+---------+---------+-------+---------
           D:1 |       0 |      26 |   0.0 |       0 |      18 |   0.0 |   881
           D:2 |       0 |      70 |   0.0 |       0 |      21 |   0.0 |   511
           D:3 |       0 |     367 |   0.0 |       0 |      43 |   0.0 |  1108
           D:4 |       0 |     277 |   0.0 |       0 |      11 |   0.0 |   330
               +---------+---------+-------+---------+---------+-------+---------
